[Event "Champions Chess Tour Finals 2023"]
[Site "Chess.com"]
[Date "2023.12.15"]
[Round "2"]
[White "So, Wesley"]
[Black "Carlsen, Magnus"]
[Result "0-1"]
[WhiteElo "2737"]
[BlackElo "2818"]
[ECO "B53"]
[EventDate "2023.??.??"]
[Annotator "rafael"]
[PlyCount "120"]
[Beauty "6392253516809"]
[EventType "team-tourn"]
[TimeControl "900+3"]

1.e4 c5 2.Nf3 a6 {The O'Kelly variation of the Sicilian Defense. I don't remember Carlsen playing it with Black. Once again he shows that he can play absolutely any opening.} 3.Be2 {A timid move. 3.c3 and 3.c4 are the natural attempts to seek an advantage.} ( 3.c3 ) ( 3.c4 ) 3...d6 4.d4 cxd4 5.Qxd4 ( 5.Nxd4 Nf6 6.Nc3 e5 {Surprisingly we have a transposition to the Najdorf Defense.} ) 5...Nc6 6.Qd3 {The queen looks better placed on e3.} ( 6.Qe3 {is the most popular.} ) 6...g6 7.O-O Bg7 8.Nc3 ( 8.h3 {it makes sense to play this move in order to avoid ...Bg4.} ) 8...Nf6 ( 8...Bg4 $5 {[%c_effect g4;square;g4;type;Interesting;persistent;true] is possible, solving the problem of the c8-bishop.} ) 9.Nd5 O-O 10.c3 b5 {A double-edged move. Now White gains the chance of playing a2-a4.} ( 10...Bg4 {is again an interesting alternative.} ) 11.Bg5 $1 Nxd5 {Relatively best.} ( 11...Nd7 12.Nd4 $5 Nde5 13.Nxc6 Nxc6 14.a4 {gives White the initiative.} ) 12.exd5 Ne5 13.Nxe5 Bxe5 {White has achieved a slight advantage thanks to the better pawn structure.} 14.h4 $6 {[%c_effect h4;square;h4;type;Inaccuracy;persistent;true] White wants to play h4-h5, creating threats on the kingside, but this is a superficial move. It's better to remove the queen from d3 immediately and decide which plan to try after Black has developed the bishop.} ( 14.Qd2 ) ( 14.Qe3 ) 14...Bf5 15.Qd2 h5 $1 {[%c_effect h5;square;h5;type;GreatFind;persistent;true] An excellent positional move, preventing the advance of White's h-pawn.} 16.Bd3 Qd7 17.Rae1 Rfe8 18.Re3 Rac8 19.Rfe1 Bxd3 20.Qxd3 Rc4 ( 20...Bf6 {likely leads to a draw after mass exchanges.} ) 21.g3 ( 21.Rxe5 {White has the option of sacrificing the exchange, but this turns out to be good enough only for equality.} 21...dxe5 22.Rxe5 Rcc8 ) 21...Rec8 22.Re4 $6 {[%c_effect e4;square;e4;type;Inaccuracy;persistent;true] Too passive. Overall, So played this game without sufficient aggression.} ( 22.Rxe5 {is interesting:} 22...dxe5 23.Rxe5 Re8 ( 23...e6 {is the computer's favorite, but it's very courageous to leave the dark squares so weakened.} ) 24.b3 Rc7 25.c4 bxc4 26.bxc4 Qa4 $1 {[%c_effect a4;square;a4;type;GreatFind;persistent;true] Black has enough counterplay to keep the game balanced.} ) ( 22.Bxe7 {leads to a draw after:} 22...Qxe7 23.f4 b4 $1 24.fxe5 bxc3 25.exd6 Qxd6 26.bxc3 Rxc3 27.Qxc3 Rxc3 28.Rxc3 Qxd5 ) 22...Kg7 23.Kg2 {No other chess player has won as many endgames close to equality as Carlsen. This is another one of them.} 23...a5 24.a3 R8c5 25.f4 ( 25.Be3 {is better:} 25...Rxe4 26.Qxe4 Rc4 27.Qd3 {with equality.} ) 25...Rxe4 26.Rxe4 Bf6 27.Bxf6+ exf6 28.Rd4 Rc8 29.Re4 Rb8 30.Kh2 Qf5 31.Re3 Qxd3 32.Rxd3 {The rook endgame is drawn, but Black's rook is more active and his position is more pleasant.} 32...Re8 33.Rd2 g5 34.Kg2 ( 34.hxg5 {is more accurate:} 34...fxg5 35.fxg5 Kg6 36.Rf2 {with a probable draw.} ) 34...gxh4 35.gxh4 Re3 $1 {[%c_effect e3;square;e3;type;GreatFind;persistent;true] The most unpleasant move.} ( 35...Kg6 36.Kf3 Kf5 37.Rd4 {White is ready to play a4 and has no problems.} ) 36.f5 $2 ( 36.Kf2 {is enough for a draw.} 36...Rh3 37.Kg2 Rxh4 38.Rd4 {followed by a4.} ) 36...Kf8 $1 {[%c_effect f8;square;f8;type;GreatFind;persistent;true] Another very precise move. Carlsen is not in a hurry to win the f-pawn.} ( 36...Re5 37.Kg3 Rxf5 38.a4 $1 bxa4 39.c4 {White is time to create counterplay.} 39...Kf8 40.Rd3 $1 {[%c_effect d3;square;d3;type;GreatFind;persistent;true] Followed by Ra3.} ) 37.Kf2 Re5 38.b4 $6 {[%c_effect b4;square;b4;type;Inaccuracy;persistent;true] This makes things worse.} ( 38.Rd4 {is a better chance.} ) 38...axb4 $2 {[%c_effect b4;square;b4;type;Mistake;persistent;true] This lets the win slip.} ( 38...Rxf5+ {is better, keeping the option of closing the queenside with a5-a4, for instance:} 39.Ke3 Re5+ 40.Kf4 ( 40.Kd4 axb4 41.axb4 f5 $1 {[%c_effect f5;square;f5;type;GreatFind;persistent;true] followed by Re4+.} ) 40...a4 $1 {[%c_effect a4;square;a4;type;GreatFind;persistent;true] White's rook is deprived of activity now.} ) 39.axb4 Rxf5+ 40.Ke3 Re5+ 41.Kf4 Ke7 42.Rd4 Kd7 43.Rd1 Re2 44.Ra1 $1 Rd2 45.Ra7+ Ke8 46.Kf5 {White has enough counterplay. With both players with seconds on the clock, the game will be decided by a blunder.} 46...Rf2+ 47.Ke4 f5+ 48.Ke3 Rc2 49.Kf4 Rxc3 50.Kxf5 Rc4 51.Kg5 Rxb4 52.Rb7 Rb1 53.Kxh5 ( 53.Kf6 $1 {[%c_effect f6;square;f6;type;GreatFind;persistent;true] is simpler:} 53...b4 54.Rb8+ Kd7 55.Kxf7 Kc7 56.Rb5 {Followed by Kg6 and a draw.} ) 53...b4 54.Kh6 f5 55.h5 $2 {[%c_effect h5;square;h5;type;Mistake;persistent;true] The decisive mistake. There was a forced road to a draw.} ( 55.Kg5 $1 b3 56.h5 $1 {[%c_effect h5;square;h5;type;GreatFind;persistent;true] The only way $1} ( 56.Kxf5 $2 b2 ) ( 56.Kf6 $2 f4 ) 56...b2 57.Kf6 $1 f4 58.h6 Rh1 59.Rxb2 Rxh6+ 60.Kg5 {with a draw.} ) 55...f4 56.Kg5 f3 {The pawns cannot be stopped anymore.} 57.h6 f2 58.Rb8+ Kd7 59.Rb7+ Kc8 60.h7 Rg1+ 0-1

[Event "Champions Chess Tour Finals 2023"]
[Site "Chess.com"]
[Date "2023.12.16"]
[Round "2"]
[White "Carlsen, Magnus"]
[Black "So, Wesley"]
[Result "1-0"]
[WhiteElo "2818"]
[BlackElo "2737"]
[ECO "D41"]
[EventDate "2023.??.??"]
[Annotator "rafael"]
[PlyCount "61"]
[Beauty "8250766393864"]
[EventType "team-tourn"]
[TimeControl "900+3"]

1.d4 Nf6 2.c4 e6 3.Nf3 d5 4.Nc3 c5 5.cxd5 cxd4 {Carlsen called this defense \"The Berlin against 1.d4,\" a very interesting view. It's a solid line whose main variations leads to an endgame that is hard to break. Every now and then, however, the Berlin and its associates are defeated.} 6.Qxd4 exd5 7.e4 ( 7.Bg5 {is the other attempt at an advantage.} ) 7...dxe4 8.Qxd8+ Kxd8 9.Ng5 ( 9.Ne5 {Carlsen tried this move in one of his games against Caruana in the tournament.} 9...Be6 10.Bg5 Bd6 11.O-O-O Ke7 12.Nc4 Bb4 ( 12...Bc7 {is an alternative.} ) 13.Nd5+ Bxd5 14.Rxd5 Nc6 15.a3 Be1 16.Rf5 {with the initiative.} ) 9...Be6 10.Bd2 {A rare move.} ( 10.Nxe6+ fxe6 11.Bg5 {is the main line.} ) 10...Nbd7 ( 10...Bb4 $1 {[%c_effect b4;square;b4;type;GreatFind;persistent;true] is a possible improvement:} 11.Nxe6+ fxe6 12.Nxe4 Bxd2+ 13.Nxd2 Nc6 {led a close-to-equal endgame in Radjabov-Van Foreest, EU-chT Terme Catez 2021.} ) 11.Ncxe4 Nxe4 12.Nxe4 h6 {This move prepares f7-f5, driving the knight out of its great position. The plan, however, weakens the black position.} ( 12...f6 $5 {[%c_effect f6;square;f6;type;Interesting;persistent;true] with the idea of playing Ke8-f7.} ) 13.Bc3 Rc8 ( 13...f5 $2 14.Ng3 Ke7 {Sarana-Tabatabaei, Chess.com Rapid 2022. Here White wins a pawn with} 15.Bd3 ) 14.Bd3 f6 $1 {[%c_effect f6;square;f6;type;GreatFind;persistent;true] The best chance. The king is heading to f7.} 15.O-O ( 15.O-O-O {is possible, but allows} 15...Bb4 16.Kb1 Bxc3 17.Nxc3 Ke7 {when Black is close to equality.} ) 15...Ke8 {White's position looks very promising, but apparently Black can defend. Carlsen tries an interesting plan.} 16.Be2 $5 ( 16.Rfe1 Kf7 17.Rad1 {Placing the rooks on the open files is natural, but Black equalizes with} 17...Nc5 ) ( 16.f4 {is the same plan tried later in the game. Here Black can try} 16...Bc4 $5 ) 16...Kf7 17.f4 {The critical position of the game. Black needs to find a very precise move.} 17...Bc5+ $2 {[%c_effect c5;square;c5;type;Mistake;persistent;true] This grants White the pair of bishops and a safe advantage.} ( 17...Nc5 $6 {[%c_effect c5;square;c5;type;Inaccuracy;persistent;true] is also bad:} 18.f5 $1 Nxe4 ( 18...Bxf5 19.Nxf6 $1 gxf6 20.Rxf5 {with a clear advantage.} ) 19.fxe6+ Kxe6 20.Bg4+ Kf7 21.Bxc8 Bc5+ 22.Kh1 Rxc8 23.Be1 $1 {[%c_effect e1;square;e1;type;GreatFind;persistent;true] Black has some compensation for the exchange, but White is better.} ) ( 17...h5 $1 {[%c_effect h5;square;h5;type;GreatFind;persistent;true] is the best move, preventing the check on h5 and preparing Bg4 in some variations.} ) 18.Nxc5 Rxc5 19.Rad1 $6 ( 19.Bd4 $1 {[%c_effect d4;square;d4;type;GreatFind;persistent;true] is more accurate.} ) 19...Nb6 20.Bd4 Ra5 $6 ( 20...Rd5 $1 21.Bf3 Rd6 {gives Black good chances of surviving.} ) 21.b4 Rd5 ( 21...Rxa2 $2 {[%c_effect a2;square;a2;type;Mistake;persistent;true] loses after} 22.Bh5+ g6 23.f5 $1 {[%c_effect f5;square;f5;type;GreatFind;persistent;true] opening the king's position.} ) 22.Bf3 Rb5 $2 ( 22...Rd7 {is the only chance.} ) 23.Bc5 $1 {[%c_effect c5;square;c5;type;GreatFind;persistent;true] The rook is trapped.} 23...Na4 ( 23...Bxa2 {loses in pretty fashion:} 24.Bh5+ g6 25.Be2 Bc4 26.Rd7+ $1 Nxd7 ( 26...Ke6 27.Re7+ Kf5 ( 27...Kd5 28.Bf3# ) 28.g4# ) 27.Bxc4+ {winning a piece.} ) 24.Be2 Rxc5 25.bxc5 Nc3 ( 25...Nxc5 26.f5 Bxa2 27.Bh5+ {with a winning attack.} ) 26.Bh5+ $1 g6 27.Rd3 Bc4 28.Rd7+ Ke6 29.Rd6+ Kf7 30.Rc1 Ne4 31.Rd4 {White remains an exchange up.} 1-0

[Event "Grand Masters 2023"]
[Site "Chess.com"]
[Date "2023.12.15"]
[Round "1"]
[White "Harikrishna, Pentala"]
[Black "Erigaisi, Arjun"]
[Result "1-0"]
[WhiteElo "2696"]
[BlackElo "2727"]
[ECO "D50"]
[EventDate "2023.??.??"]
[Annotator "rafael"]
[PlyCount "121"]
[Beauty "6324070921226"]
[EventType "team-tourn"]
[EventCountry "IND"]
[TimeControl "40/5400+30:1800+30"]

1.d4 Nf6 2.c4 e6 3.Nc3 d5 4.Bg5 dxc4 $5 5.e3 c5 6.dxc5 {The game quickly takes a path with little opening theory. I don't like the move played in the game, since Black has no problems in this endgame. 6.Bxc4 and 6.Bxf6 is more ambitious.} ( 6.Bxc4 ) ( 6.Bxf6 Qxf6 7.d5 ) 6...Qxd1+ 7.Rxd1 Bxc5 8.Bxc4 a6 9.Nge2 Nbd7 10.Bd3 b5 {Black has easy equality already.} 11.Ne4 {A new move.} ( 11.Be4 $2 {[%c_effect e4;square;e4;type;Mistake;persistent;true] was played before, but Black was much better after} 11...Nxe4 12.Nxe4 Bb4+ 13.N2c3 f6 {in Rodrigue Lemieux-Stremavicius, Wch U18 Mamaia 2022.} ) 11...Bb4+ 12.N2c3 Nxe4 13.Bxe4 Ra7 14.O-O f6 ( 14...Bxc3 $1 {[%c_effect c3;square;c3;type;GreatFind;persistent;true] This is the right time to capture the knight, as we will see.} 15.bxc3 ( 15.Rc1 Rc7 ) 15...Bb7 {with comfortable play for Black.} ) 15.Bf4 Bxc3 $2 {[%c_effect c3;square;c3;type;Mistake;persistent;true] Arjun clearly missed White's surprising next move.} ( 15...Ke7 {is better, with a good position.} ) 16.Rc1 $1 {[%c_effect c1;square;c1;type;GreatFind;persistent;true] An excellent move, changing the character of the game. White is better now due to the pair of bishops and good pawn structure.} 16...e5 $2 {[%c_effect e5;square;e5;type;Mistake;persistent;true] Mistakes never come alone.} ( 16...Nb6 17.Rxc3 Kf7 {is better, although Black's position is unpleasant.} ) 17.Rxc3 Ke7 18.Bg3 Nb6 19.f4 $1 {[%c_effect f4;square;f4;type;GreatFind;persistent;true] Opening the position for the bishops.} 19...exf4 20.exf4 Kf7 21.Rfc1 $16 Re7 22.Rc7 Re8 23.Bxh7 $1 {[%c_effect h7;square;h7;type;GreatFind;persistent;true] Very well calculated . This is not an easy move, since everybody fears losing the bishop after g7-g6.} 23...g6 24.R1c6 $1 Kg7 ( 24...Rxc7 25.Rxc7+ Nd7 26.f5 $1 {[%c_effect f5;square;f5;type;GreatFind;persistent;true] The bishop escapes the trap.} ) 25.Rxe7+ Rxe7 26.Rxb6 $6 {[%c_effect b6;square;b6;type;Inaccuracy;persistent;true] A very instructive moment.} ( 26.Bh4 $1 {[%c_effect h4;square;h4;type;GreatFind;persistent;true] is the most accurate move. It's all a matter of achieving the best possible pawn structure in the opposite-color bishops endgame.} 26...Kxh7 27.Rxb6 Re6 ( 27...Re4 28.Bxf6 Rxf4 29.Rd6 {with excellent winning chances.} ) 28.Rxe6 Bxe6 29.Bxf6 Bxa2 30.b4 $1 {[%c_effect b4;square;b4;type;GreatFind;persistent;true] With this pawn structure White is winning. A possible plan is to bring the king to g5 and then play f5 or h5 in order to achieve two passed and united pawns.} ) 26...Re6 $1 27.Rb8 ( 27.Rxe6 Bxe6 28.Bxg6 Kxg6 29.a3 a5 $1 {[%c_effect a5;square;a5;type;GreatFind;persistent;true] with this pawn structure the endgame is a draw, since White cannot break the fortress. Yes, chess is a difficult game, and that's why we like it.} ) 27...Rc6 28.Bxg6 Kxg6 29.Be1 Kf5 30.Bc3 Kxf4 {Black has drawing chances now, but the endgame remains difficult to defend.} 31.Kf2 f5 32.a3 Ke4 $6 {[%c_effect e4;square;e4;type;Inaccuracy;persistent;true] The king goes the wrong way.} ( 32...Kg5 $1 {[%c_effect g5;square;g5;type;GreatFind;persistent;true] It's not easy for White to push the h-pawn.} ) 33.a4 ( 33.h4 $1 {[%c_effect h4;square;h4;type;GreatFind;persistent;true] is even better.} ) 33...Rc5 ( 33...bxa4 $1 {[%c_effect a4;square;a4;type;GreatFind;persistent;true] Exchanging pawns is usually the way to go if you are defending an endgame.} 34.Rb4+ Kd5 35.Rd4+ Ke6 36.Rxa4 {Black still has a lot of suffering ahead, but there are drawing chances.} ) 34.a5 $1 f4 35.Rb6 $6 ( 35.h4 $1 {[%c_effect h4;square;h4;type;GreatFind;persistent;true] is stronger.} ) 35...Rc4 36.h4 b4 $2 ( 36...Bg4 $1 {[%c_effect g4;square;g4;type;GreatFind;persistent;true] The only defense $1 The h-pawn has to be stopped. Black has excellent drawing chances.} 37.Rxa6 {is not dangerous due to} 37...b4 ) 37.Bd2 $1 {[%c_effect d2;square;d2;type;GreatFind;persistent;true] White is winning now.} ( 37.Rxb4 $2 Rxb4 38.Bxb4 Bg4 {leads to a fortress.} ) 37...Kf5 ( 37...Bg4 38.b3 $1 {[%c_effect b3;square;b3;type;GreatFind;persistent;true] The only winning move.} 38...Rd4 39.Be1 {There's no adequate defense for the a-pawn.} ) 38.h5 Rc2 39.Ke2 ( 39.Ke1 $2 {[%c_effect e1;square;e1;type;Mistake;persistent;true] allows} 39...Rxb2 40.h6 Rb1+ $1 {[%c_effect b1;square;b1;type;GreatFind;persistent;true] and the rook is back into the game.} 41.Kf2 Rh1 ) 39...Kg5 40.h6 Bg4+ 41.Ke1 Rxb2 42.g3 $1 Bf5 43.gxf4+ ( 43.Bxf4+ {is also easily winning:} 43...Kg4 44.Be5 ) 43...Kg4 44.Bxb4 Kf3 45.Kd1 Bd3 46.Bd2 Rb1+ 47.Bc1 $1 ( 47.Rxb1 $4 Bxb1 {with an easy draw.} ) 47...Be4 48.Rxa6 Rb5 49.Ra7 $4 {[%c_effect a7;square;a7;type;Blunder;persistent;true] A dramatic blunder $1} ( 49.f5 {is the easiest way, securing the pawn on h6.} 49...Rxf5 ( 49...Bxf5 50.Rf6 ) 50.Bd2 {White keeps both passed pawns and achieve the win.} ) 49...Rh5 $1 50.f5 Rxf5 $4 {[%c_effect f5;square;f5;type;Blunder;persistent;true] The last mistake.} ( 50...Rh1+ $1 51.Kd2 Rxh6 {leads to a draw, since the f-pawn also falls.} ) 51.a6 {The rest is simple.} 51...Rf6 52.Bg5 Rd6+ 53.Kc1 Bg6 54.Ra8 Kg4 55.Be3 Re6 56.Rg8 Kf3 57.a7 Be4 58.h7 Rc6+ 59.Kb2 Rc2+ 60.Kb3 Rh2 61.h8=Q 1-0